 Dungeon Crawl Stone Soup version 0.29.0-7-g18a832c13a (webtiles) character file.

Game seed: 10439837716427500792

242 SnakkuSnakku7 the Slasher (level 6, 0/46 HPs)
             Began as a Djinni Chaos Knight on Aug 31, 2022.
             Was a Plaything of Xom.
             Slain by a quasit (3 damage)
             ... on level 4 of the Dungeon.
             The game lasted 00:03:24 (1547 turns).

SnakkuSnakku7 the Slasher (Djinni Chaos Knight)     Turns: 1547, Time: 00:03:25

Health: 0/46       AC:  5    Str: 11      XL:     6   Next: 31%
Gold:   149        EV:  9    Int: 14      God:    Xom [....*.] SH:  6 Dex: 10 (12)

rFire   + + .      SeeInvis .   a - +0 falchion (chaos)
rCold   x . .      Faith    .   i - +0 kite shield
rNeg    . . .      Spirit   .   b - +2 leather armour
rPois   ∞          Reflect  .   j - +1 helmet
rElec   .          Harm     .   (no cloak)
rCorr   .          Rampage  .   (no gloves)
Will    .....                   (boots unavailable)
Stlth   +.........              (no amulet)
HPRegen 0.15/turn               t - +4 ring of slaying
MPRegen 0.00/turn               (no ring)

@: attractive, flying
A: sickness immunity, fire resistance 2, cold vulnerability 1, float, innate
caster, HP casting, extra vitality 1, clumsy 1, deformed body
a: Renounce Religion


You were on level 4 of the Dungeon.
You worshipped Xom.
You were a beloved toy of Xom.
You visited 1 branch of the dungeon, and saw 5 of its levels.

You collected 149 gold pieces.

Inventory:

Hand Weapons
 a - a +0 falchion of chaos (weapon)
Missiles
 u - 2 poisoned darts (quivered)
Armour
 b - a +2 leather armour (worn)
 i - a +0 kite shield (worn)
 j - a +1 helmet (worn)
Jewellery
 t - a +4 ring of slaying (left hand)
Scrolls
 e - a scroll of blinking {unknown}
 g - a scroll of vulnerability {unknown}
 l - a scroll of poison {unknown}
 n - 3 scrolls of identify {unknown}
 o - a scroll of teleportation
 p - 2 scrolls of immolation {unknown}
 r - a scroll of enchant armour {unknown}
 s - 2 scrolls of brand weapon {unknown}
Potions
 d - a potion of flight {unknown}
 f - a potion of heal wounds {unknown}
 h - a potion of curing
 k - 2 potions of attraction
 m - a potion of invisibility {unknown}
 q - a potion of cancellation {unknown}
 v - a potion of degeneration {unknown}
Miscellaneous
 c - a piece from Xom's chessboard (11/15)


   Skills:
 - Level 3.0 Fighting
 + Level 5.4 Long Blades
 + Level 2.0 Throwing
 - Level 1.0 Armour
 - Level 2.1 Dodging


You had 2 spell levels left.
You knew the following spells:

 Your Spells              Type           Power      Damage    Failure   Level
a - Necrotise             Necr           0%         1d4       80%         1
b - Static Discharge      Conj/Air       0%         3-3/arc   91%         2
Your spell library was empty.

Dungeon Overview and Level Annotations

Branches:
Dungeon (5/15)
 Temple: D:4-7

Altars:

Shops:
D:1 :

Annotations:
D:3 Sobieck's ghost, amateur MfGl


Innate Abilities, Weirdness & Mutations

You are immune to sickness and miasma.
You are immune to poison.
Your flesh is very heat resistant. (rF++)
You are vulnerable to cold. (rC-)
You float through the air rather than walking.
You learn spells naturally, not from books.
Your magical power is your life essence.
You have superior vitality. (+4 MHP)
You are clumsy. (Dex -2)
Armour fits poorly on your strangely shaped body.


Message History

The quasit attacks as you move away! The quasit barely misses you.
The quasit claws you but does no damage. x2
The quasit attacks as you move away!
The quasit bites you but does no damage.
You block the quasit's attack. The quasit barely misses you.
The quasit closely misses you. The quasit claws you.
* * * LOW HITPOINT WARNING * * *
The quasit closely misses you.
You hit the quasit but do no damage. The quasit barely misses you. x2
The quasit claws you but does no damage.
The quasit bites you.
* * * LOW HITPOINT WARNING * * *
The quasit claws you.
* * * LOW HITPOINT WARNING * * *
You feel clumsy.
The quasit claws you but does no damage.
It was a potion of curing.
You feel better. The quasit bites you.
* * * LOW HITPOINT WARNING * * *
You block the quasit's attack.
The quasit claws you but does no damage.
You make a move on Xom's chessboard...
The quasit resists with significant effort.
The quasit bites you but does no damage.
The quasit claws you.
* * * LOW HITPOINT WARNING * * *
The quasit claws you but does no damage.
You make a move on Xom's chessboard...
The quasit resists with significant effort.
The quasit bites you.
* * * LOW HITPOINT WARNING * * *
You feel clumsy. You block the quasit's attack.
The quasit claws you but does no damage.
The quasit barely misses you.
The quasit claws you but does no damage.
The quasit closely misses you.
You make a move on Xom's chessboard...
The quasit is moving more slowly.
The quasit bites you.
You die...
Xom giggles madly!

..... #.. #######
.... #.# #...##.
#.####..#
########.###...##.
........#
#..[..............
..#####.#
#.#.....[..<......
........#
#.#.#.......>.....
.#......##
#.#.#...#########.
#.......#
#.#.#..## #.
#.......###@#.#..#
#.
#######..##5#.#..#
#.
########..#.#.#..#
#.
#...........#...#
+
#.########.>....#
##.#.#.# #.#.# #.#
# #.#


You could see a quasit (petrifying).

Vanquished Creatures
  A scorpion (D:5)
  A quasit (D:5)
  An iguana (D:4)
  A gnoll (D:5)
  6 adders
  A white imp (D:4)
  2 ufetubi
  2 dart slugs (D:2)
  2 orcs (D:5)
  2 endoplasms
  2 giant cockroaches
  2 hobgoblins (D:2)
  4 jackals (D:2)
  4 kobolds
  2 ball pythons
  3 bats
  2 frilled lizards
  3 goblins
  4 rats (D:2)
45 creatures vanquished.

Vanquished Creatures (others)
  A hobgoblin (D:2)
1 creature vanquished.

Grand Total: 46 creatures vanquished

Notes
Turn   | Place    | Note
-------+----------+-------------------------------------------
     0 | D:1      | SnakkuSnakku7 the Djinni Chaos Knight began the quest for
                  | the Orb.
     0 | D:1      | Reached XP level 1. HP: 20/20 MP: 0/0
    11 | D:1      | XOM: silly message
   138 | D:1      | Found Aqomn's Book Boutique.
   449 | D:2      | XOM: noise
   455 | D:2      | XOM: fog
   460 | D:2      | Reached skill level 3 in Long Blades
   466 | D:2      | Reached XP level 2. HP: 25/25 MP: 0/0
   502 | D:2      | Reached XP level 3. HP: 26/30 MP: 0/0
   502 | D:2      | Learned a level 1 spell: Necrotise
   595 | D:2      | Found a faded altar of an unknown god.
   647 | D:2      | Reached skill level 4 in Long Blades
   672 | D:2      | Reached XP level 4. HP: 35/35 MP: 0/0
   985 | D:3      | XOM: give mutations
   985 | D:3      | Gained mutation: You are clumsy. (Dex -2) [Xom's mischief]
   985 | D:3      | Gained mutation: Armour fits poorly on your strangely
                  | shaped body. [Xom's mischief]
   985 | D:3      | Gained mutation: You occasionally lose the ability to drink
                  | potions when taking damage. [Xom's mischief]
  1039 | D:3      | Identified the +0 leather armour of Dramatic Exits {rElec
                  | MP+9}
  1055 | D:3      | XOM: 1-stop teleportation journey
  1104 | D:3      | Noticed Sobieck's ghost (amateur MfGl)
  1129 | D:3      | Noticed a glowing shapeshifter
  1129 | D:3      | an orc changed into a glowing shapeshifter
  1129 | D:3      | Noticed a swamp worm
  1129 | D:3      | a glowing shapeshifter changed into a swamp worm
  1129 | D:3      | Noticed a death drake
  1129 | D:3      | a swamp worm changed into a death drake
  1131 | D:3      | Noticed a wind drake
  1131 | D:3      | a death drake changed into a wind drake
  1133 | D:3      | XOM: confuse monster(s)
  1133 | D:3      | Noticed a cane toad
  1133 | D:3      | a wind drake changed into a cane toad
  1310 | D:3      | XOM: give mutation
  1310 | D:3      | Lost mutation: You occasionally lose the ability to drink
                  | potions when taking damage. [Xom's mischief]
  1433 | D:4      | XOM: swap monsters
  1438 | D:4      | Reached XP level 5. HP: 32/40 MP: 0/0
  1438 | D:4      | Learned a level 2 spell: Static Discharge
  1471 | D:4      | XOM: confuse monster(s)
  1480 | D:4      | Reached skill level 1 in Throwing
  1484 | D:5      | Entered Level 5 of the Dungeon
  1494 | D:5      | Reached skill level 5 in Long Blades
  1495 | D:5      | XOM: noise
  1503 | D:5      | XOM: divination: magic mapping
  1518 | D:5      | Reached XP level 6. HP: 6/46 MP: 0/0
  1543 | D:4      | HP: 2/46 [quasit (1)]
  1547 | D:4      | Slain by a quasit

Illustrated notes

Levels and vault maps discovered:
D:1:      dpeg_arrival_water_temple_mockup, layout_basic, serial_shops,
          nicolae_square_shop
D:2:      layout_rooms, chequers_ecumenical_altar_twisty
D:3:      layout_basic, gammafunk_ghost_icy
D:4:      layout_basic, serial_demonic, serial_demonic_d, serial_demonic_e,
          serial_demonic_a, serial_demonic_g, uniq_pikel
D:5:      layout_loops_cross, mainiacjoe_overflow_small_starburst,
          mainiacjoe_overflow_alcove_1, serial_shops, kennysheep_little_box,
          shop, uniq_duvessa, uniq_menkaure

Skill      XL: |  1  2  3  4  5 |
---------------+----------------+-----
Long Blades    | 3 4 5 |  5.4
Throwing       | 2 |  2.0
Fighting       | |  3.0
Armour         | |  1.0
Dodging        | |  2.1

Action                   |  1- 3 |  4- 6 || total
-------------------------+-------+-------++-------
Melee: Falchion          |    83 |    74 ||   157
Throw: Dart              |       |     8 ||     8
Evoke: Piece from Xom's  |       |     4 ||     4
  Use: Scroll            |       |     1 ||     1
       Potion            |       |     2 ||     2
 Stab: Sleeping          |     1 |       ||     1
       Confused          |       |     2 ||     2
       Petrified         |       |     1 ||     1
Armor: Leather armour    |    53 |    43 ||    96
Dodge: Dodged            |    59 |    53 ||   112
Block: Kite shield       |    35 |    32 ||    67
